[Event "Early-Titled-Tuesday-Blitz-April-02-2024"]
[Site "Chess.com"]
[Date "2024.04.02"]
[Round "7"]
[White "Egor_Koshulyan"]
[Black "ChainedDowntohell"]
[Result "1/2-1/2"]
[WhiteElo "2739"]
[BlackElo "2571"]
[TimeControl "180+1"]
[EndTime "9:18:47 PDT"]
[Termination "Game drawn - insufficient material"]

1. e4 e6 2. d4 b6 3. Bd3 Bb7 4. Nf3 Nf6 5. Qe2 d5 6. e5 Ne4 7.
O-O c5 8. c3 Be7 9. Ne1 h6 10.
Nd2 Nxd2 11. Bxd2 Qc8 12. f4 g6 13. b4 h5 14. Rc1 c4 15. Bc2 a5 16. b5 a4 17. g3 Ra5 18. Rb1 Qc7 19. h3 Bc8 20. Ng2 Bd7 21. Ne3 Rxb5 22. Bxa4 Rxb1 23. Bxd7+ Nxd7 24. Rxb1 Kd8 25. Qf3 Kc8 26. a4 Qc6 27. g4 hxg4 28. hxg4 Qxa4 29. f5 gxf5 30. gxf5 Qa2 31.
Rd1 Bg5 32. Nf1 Bxd2 33. Rxd2 Qb1 34. Rf2 Rg8+ 35. Kh1 b5 36. Kh2 Rh8+ 37. Kg2 Rg8+ 38. Ng3 Qc1 39. fxe6 fxe6 40. Qf7 Qg5 41. Rf3 Qd2+ 42.
Rf2 Qg5 43. Rf3 Qg6 44. Qe7 Qc2+ 45. Rf2 Qe4+ 46. Rf3 Qe2+ 47. Rf2 Qe3 48. Rf3 Qd2+ 49. Rf2 Qxc3 50. Rf3 Qc2+ 51. Rf2 Qe4+ 52. Rf3 Qe2+ 53.
Rf2 Qe3 54. Rf3 Qd2+ 55. Rf2 Qxd4 56. Qxe6 Qe4+ 57. Rf3 Qe2+ 58. Rf2 Rxg3+ 59. Kxg3 Qxe5+ 60. Qxe5 Nxe5 61. Rf5 Nc6 62. Rxd5 Kc7 63. Rxb5 Kd6 64. Kf4 c3 65. Rb3 Nd4 66. Rb4 Kd5 67. Ke3 Nc2+ 68. Kd3 Nxb4+ 69. Kxc3 1/2-1/2

[Event "Early-Titled-Tuesday-Blitz-April-02-2024"]
[Site "Chess.com"]
[Date "2024.04.02"]
[Round "7"]
[White "edgarhay012"]
[Black "FlemingA"]
[Result "0-1"]
[WhiteElo "2611"]
[BlackElo "2469"]
[TimeControl "180+1"]
[EndTime "9:18:49 PDT"]
[Termination "FlemingA won by resignation"]

1. e4 g6 2. d4 d6 3. Nc3 a6 4. Nf3 b5 5. a3 Bb7 6. h4 h5 7. Be3 Nf6 8. Bd3 Nbd7 9. Qd2 Bg7 10. Ng5 c5 11. f3 O-O 12. Nd1 cxd4 13. Bxd4 e5 14. Be3 d5 15. O-O Rc8 16. exd5 Nxd5 17.
Bf2 Nf4 18. Be4 Bxe4 19. Nxe4 Nf6 20. Qxd8 Rfxd8 21. Nc5 Ne2+ 22. Kh1 Nd4 23. Nxa6 Rxc2 24. Nb4 Re2 25. Rb1 Nb3 26. Nc3 Red2 27. Nxb5 e4 28. Be3 Re2 29. Bg5 Nd2 30. Rbd1 Nxf1 31. Rxd8+ Kh7 32.
Nc3 Rxb2 33. Nxe4 Nxe4 34. fxe4 Ng3+ 35. Kh2 Nxe4 36. Bf4 Rf2 37. Nd3 Ra2 38. Rd7 Kg8 39. Bc1 Nf6 40. Rd8+ Kh7 41. Kg1 Ra1 42. Kf1 Ng4 43.
Ke2 Bf6 44. Rd7 Kg7 45. Rd5 Ra2+ 46. Kf3 Bxh4 47. Bb2+ Bf6 48. Bxf6+ Nxf6 49. Ra5 Kh6 50. Ne5 Kg7 51. Ra7 Nd5 52. Ke4 Nc3+ 53. Kd3 Nb5 54.
Rxf7+ Kh6 55. Kc4 Nxa3+ 56. Kb3 Ra1 57. Rb7 Rb1+ 58. Kxa3 Rxb7 59. Nf3 g5 60. Nd4 g4 61. Nf5+ Kg5 62. Nd6 Rb1 63. g3 h4 64. Ne4+ Kf5 65.
Nd2 Rd1 66. Nc4 hxg3 67. Ne3+ Ke4 68. Nxg4 Kf3 69. Ne5+ Kf2 70. Ng4+ Kg1 71. Ne3 Rd3+ 72. Kb2 Rxe3 0-1

[Event "Early-Titled-Tuesday-Blitz-April-02-2024"]
[Site "Chess.com"]
[Date "2024.04.02"]
[Round "7"]
[White "KNVB"]
[Black "zajka-molotok"]
[Result "0-1"]
[WhiteElo "2769"]
[BlackElo "2563"]
[TimeControl "180+1"]
[EndTime "9:18:54 PDT"]
[Termination "zajka-molotok won by resignation"]

1. e4 g6 2. d4 Bg7 3. Bc4 d6 4. Nf3 a6 5. a4 b6 6. Nc3 e6 7.
h4 h6 8. d5 e5 9. h5 g5 10. Nh2 f5 11. exf5 Bxf5 12. Bd3 Qd7 13. Bxf5 Qxf5 14. Qg4 Ne7 15. Qxf5 Nxf5 16. Be3 Nd7 17.
Ne4 Nf6 18. Nxf6+ Bxf6 19. Ng4 Ke7 20. Ke2 Bg7 21. Kd3 Kd7 22. Ke4 Ne7 23. Rhd1 Rhb8 24. b4 c6 25. dxc6+ Ke6 26. c4 Nxc6 27. b5 Nb4 28. Rab1 Nc2 29. Rb2 Na3 30. Rb4 Rc8 31.
Kd3 a5 32. Rb3 Nxc4 33. f3 d5 34. Bf2 e4+ 35. fxe4 Nb2+ 36. Rxb2 Bxb2 37. exd5+ Kxd5 38. Nxh6 Be5 39. Ng4 Rc3+ 40. Ke2+ Ke6 41. h6 Rc4 42. Nxe5 Kxe5 43. Bxb6 Rxa4 44. Bc7+ Ke4 45. h7 Ra2+ 46.
Kf1 Rh8 47. b6 Rxh7 48. Kg1 Rb2 49. Ra1 Rb5 50. Kf2 Kd5 51. Kg3 Kc6 52. Kg4 Rxc7 53. bxc7 Kxc7 54. Rc1+ Kb6 55. Ra1 Rd5 56. Rb1+ Ka6 57.
Ra1 Rc5 58. g3 Kb6 59. Rb1+ Kc6 60. Ra1 Kb5 61. Rb1+ Kc4 62. Rc1+ Kb4 63. Rb1+ Ka3 64. Ra1+ Kb2 65. Ra4 Kb3 66. Ra1 a4 67. Rb1+ Kc2 68.
Rb6 a3 69. Ra6 Kb2 70. Rb6+ Kc3 71. Ra6 Kb3 72. Kh5 g4+ 73. Kh4 Rc4 74. Rb6+ Rb4 75. Ra6 Ra4 76. Rb6+ Kc3 77. Rb5 a2 78. Rc5+ Kd4 79.
Rg5 a1=Q 80. Rxg4+ Ke3 81. Rxa4 Qxa4+ 82. g4 Kf3 83. Kg5 Qxg4+ 0-1

[Event "Early-Titled-Tuesday-Blitz-April-02-2024"]
[Site "Chess.com"]
[Date "2024.04.02"]
[Round "7"]
[White "alexrustemov"]
[Black "Firegrizzly"]
[Result "1/2-1/2"]
[WhiteElo "2879"]
[BlackElo "2669"]
[TimeControl "180+1"]
[EndTime "9:18:55 PDT"]
[Termination "Game drawn - insufficient material"]

1. d4 Nf6 2. c4 Nc6 3. Nf3 e6 4. a3 g6 5. g3 Bg7 6. Bg2 O-O 7. b4 d5 8. Nbd2 b6 9. Bb2 Ne4 10. Rc1 Ne7 11. O-O Bb7 12. Qc2 Rc8 13. Nxe4 dxe4 14.
Ng5 Nf5 15. Nxe4 Nxd4 16. Bxd4 Bxe4 17. Bxe4 Qxd4 18. Rfd1 Qb2 19. Qxb2 Bxb2 20. Rb1 Be5 21. Rd7 Rfd8 22. Rbd1 Rxd7 23. Rxd7 Bd6 24. Bc6 a5 25. c5 Bf8 26. Bb7 Rb8 27. Rxc7 axb4 28. axb4 bxc5 29.
b5 c4 30. Ba6 Bb4 31. Rxc4 Ba5 32. e3 h5 33. Kg2 Kf8 34. h3 f5 35. h4 Ke7 36.
Rc6 Rb6 37. Rc7+ Kf6 38. Rd7 e5 39. Kf3 Ke6 40. Rg7 Kf6 41. Rg8 e4+ 42. Ke2 Rd6 43. Rc8 Rd2+ 44. Kf1 Rd1+ 45. Kg2 Rb1 46. Rc6+ Kg7 47. Rc2 Kf6 48. f3 exf3+ 49. Kxf3 Rb3 50. Rc6+ Kg7 51. Ke2 Rb2+ 52. Kd3 Rb3+ 53. Kd4 Kh6 54.
Re6 Rb2 55. Kc5 Rc2+ 56. Kd5 Rd2+ 57. Kc6 Rc2+ 58. Kb7 Rc7+ 59. Kb8 Rc3 60. b6 Bxb6 61. Rxb6 Rxe3 62. Bb5 Rxg3 63. Be8 f4 64. Rf6 Rg4 65. Kc7 Kg7 66. Rf7+ Kg8 67. Kd6 Rxh4 68. Ke5 Rg4 69. Kf6 f3 70. Bd7 f2 71. Ke7 Re4+ 72. Be6 Kh8 73.
Rxf2 g5 74. Kf6 Rf4+ 75. Rxf4 gxf4 76. Kg5 f3 77. Kxh5 f2 78. Bc4 f1=Q 79. Bxf1 1/2-1/2

[Event "Early-Titled-Tuesday-Blitz-April-02-2024"]
[Site "Chess.com"]
[Date "2024.04.02"]
[Round "7"]
[White "Martial2008"]
[Black "AlphaGoosee"]
[Result "0-1"]
[WhiteElo "2621"]
[BlackElo "2537"]
[TimeControl "180+1"]
[EndTime "9:18:55 PDT"]
[Termination "AlphaGoosee won by resignation"]

1. d4 d5 2. Nf3 Nf6 3. Bf4 e6 4.
e3 Bd6 5. Nbd2 O-O 6. c3 Bxf4 7. exf4 c5 8. h4 b6 9. h5 Ba6 10. Bxa6 Nxa6 11. h6 g6 12. Qe2 Nb8 13. Ne5 Qc7 14.
g3 Nc6 15. Nxc6 Qxc6 16. Qe5 Ne8 17. Nf3 Qc7 18. g4 Qxe5+ 19. fxe5 f6 20. Ke2 f5 21. g5 Nc7 22. Rhc1 Rfc8 23. Kd3 Kf7 24. Ne1 a5 25. a3 a4 26. Ng2 Ke7 27. Nf4 Na6 28. Kd2 Nc7 29.
c4 dxc4 30. Rxc4 Nd5 31. Nxd5+ exd5 32. Rc2 c4 33. Kc3 Ra5 34. Kb4 Ke6 35. f4 Rca8 36.
Rc3 Kd7 37. Re3 Kc6 38. Rae1 Rb5+ 39. Kc3 Rb3+ 40. Kc2 Re8 41. Rxb3 axb3+ 42. Kc3 Re6 43. Kb4 Re8 44. a4 Re6 45. Re3 Re8 46. Re1 Kd7 47.
Kb5 Ra8 48. Ra1 Rb8 49. Re1 Ke6 50. Re3 Ra8 51. Rxb3 cxb3 52. Kb4 Kd7 53. Kxb3 Kc6 54. Kb4 Rb8 55. b3 b5 56. a5 Ra8 57. e6 Re8 58. a6 Rxe6 59. a7 Re8 60. Ka5 Kb7 61. Kxb5 Kxa7 62. Kc5 Re4 63. Kxd5 Rxf4 64. Ke5 Rf1 65. Kf6 Re1 66. Kg7 f4 67. Kxh7 f3 68. Kxg6 f2 69.
h7 Re8 70. Kf7 Rb8 71. Kg7 f1=Q 72. h8=Q Rxh8 73. Kxh8 Qf5 74. g6 Qxg6 75. d5 Qf5 76. d6 Qd7 77. b4 Qxd6 78. b5 Qb6 79. Kg7 Qxb5 80. Kf7 Qd5+ 81. Ke7 Kb6 82. Ke8 Kc6 83. Kf8 Qd7 84. Kg8 Kd6 85. Kh8 Ke6 86. Kg8 Kf6 87. Kh8 0-1

[Event "Early-Titled-Tuesday-Blitz-April-02-2024"]
[Site "Chess.com"]
[Date "2024.04.02"]
[Round "7"]
[White "PIwan"]
[Black "viktorskliarov"]
[Result "1/2-1/2"]
[WhiteElo "2452"]
[BlackElo "2615"]
[TimeControl "180+1"]
[EndTime "9:18:56 PDT"]
[Termination "Game drawn by repetition"]

1. c4 e5 2. Nc3 Bb4 3. Qc2 Bxc3 4. Qxc3 Nc6 5. Nf3 d6 6. d4 Qe7 7. dxe5 dxe5 8. a3 a5 9. b3 Nf6 10. Bb2 Nd7 11. e3 O-O 12. Be2 b6 13. O-O Bb7 14.
Rad1 Nc5 15. Nxe5 f6 16. Nxc6 Bxc6 17. f3 Rae8 18. e4 Qf7 19. Rfe1 Qg6 20. Bf1 h5 21.
Bc1 h4 22. h3 Ne6 23. b4 axb4 24. axb4 Ng5 25. Bxg5 Qxg5 26. c5 b5 27. Qe3 Qe5 28. Qf2 g5 29. Qd4 Rd8 30. Qxe5 fxe5 31. Kf2 Kf7 32.
g3 hxg3+ 33. Kxg3 Kf6 34. Be2 Rh8 35. Rxd8 Rxd8 36. Rd1 Rxd1 37. Bxd1 Bd7 38. h4 gxh4+ 39. Kxh4 c6 40. Bb3 Be8 41. Ba2 Bd7 42. Kh5 Be8+ 43. Kg4 Bd7+ 44. Kg3 Kg5 45. Bb3 Be8 46. Bd1 Bd7 47.
Be2 Be8 48. Bf1 Bd7 49. Bg2 Be8 50. Bh3 Kf6 51. f4 exf4+ 52. Kxf4 Ke7 53. e5 Bf7 54.
Bg2 Be8 55. Ke4 Bd7 56. Kd4 Be8 57. Bh3 Bf7 58. Bf5 Be8 59. Ke3 Bf7 60. Kf4 Be8 61. Kg5 Bf7 62. Kh6 Be8 63. e6 Kf6 64. Bh3 Bg6 65. Bg2 Be8 66. Bh3 Bg6 67. Bg2 Be8 68. Bh3 1/2-1/2

[Event "Early-Titled-Tuesday-Blitz-April-02-2024"]
[Site "Chess.com"]
[Date "2024.04.02"]
[Round "7"]
[White "Suleyman_Chess06"]
[Black "LiamPutnam2008"]
[Result "1-0"]
[WhiteElo "2778"]
[BlackElo "2911"]
[TimeControl "180+1"]
[EndTime "9:18:57 PDT"]
[Termination "Suleyman_Chess06 won by checkmate"]

1. Nf3 Nf6 2. g3 g6 3. Bg2 Bg7 4. O-O O-O 5. d4 d5 6. c4 c5 7. cxd5 cxd4 8. Nxd4 Nxd5 9. Nc3 Nxc3 10. bxc3 a6 11.
Qb3 Qc7 12. Ba3 Rd8 13. Rab1 e5 14. Nc2 Nc6 15. Nb4 Be6 16. Qa4 b5 17. Qc2 Nxb4 18. Bxb4 Rac8 19. Qb2 a5 20. Ba3 Qxc3 21. Be7 Rd7 22.
Rfc1 e4 23. Rxc3 Bxc3 24. Qxb5 Rxe7 25. Rc1 e3 26. fxe3 Rec7 27. Bf3 Bxa2 28. Kg2 Bc4 29. Qb6 Bb4 30. Rc2 Rc5 31. h4 h5 32. Qb7 Kg7 33. Qb6 R8c7 34. Rc1 Be6 35. Rxc5 Rxc5 36. Qd6 Rf5 37.
Qd4+ Kh7 38. Be4 Rc5 39. Bf3 Rc4 40. Qa7 Rc3 41. Qd4 Rc7 42. Be4 Bc5 43. Qe5 Bb6 44. Qxh5+ Kg8 45. Bxg6 Kf8 46. Qh8+ Ke7 47. Be4 Bxe3 48.
Qe5 Rc5 49. Qh8 a4 50. Bf3 Bb3 51. Qa8 Kf6 52. Qd8+ Kg7 53. h5 Re5 54. Qd6 f6 55.
Qd7+ Bf7 56. Qd8 Bh6 57. Qa8 Bxh5 58. Bxh5 Rxh5 59. Qa7+ Kg6 60. Qxa4 Re5 61. Qg4+ Bg5 62. e4 Kg7 63. Qd7+ Kh6 64. Kf3 Kg6 65. Qc8 Kg7 66.
Qb7+ Kg6 67. Kg4 Re6 68. Qd5 Re5 69. Qg8+ Kh6 70. Kf3 Re7 71. g4 Rg7 72. Qh8+ Kg6 73. Qh5# 1-0

[Event "Early-Titled-Tuesday-Blitz-April-02-2024"]
[Site "Chess.com"]
[Date "2024.04.02"]
[Round "7"]
[White "ChessFighter_2011"]
[Black "KacperKacprzak"]
[Result "1/2-1/2"]
[WhiteElo "2912"]
[BlackElo "2723"]
[TimeControl "180+1"]
[EndTime "9:18:58 PDT"]
[Termination "Game drawn by repetition"]

1. e4 e6 2. d4 d5 3. Nc3 Bb4 4.
e5 c5 5. a3 Bxc3+ 6. bxc3 Ne7 7. Qg4 Kf8 8. Bd3 Qa5 9. Bd2 Qa4 10. h4 Nbc6 11. Nf3 c4 12. Be2 Qxc2 13. h5 h6 14.
Rh3 b6 15. Rc1 Qe4 16. Qxe4 dxe4 17. Nh4 Na5 18. f3 Bb7 19. fxe4 Bxe4 20. Kf2 Nd5 21. Re1 Bh7 22. Bf3 Rd8 23. g4 Nb3 24. Bxd5 Nxd2 25. Bg2 Ke7 26. Rg3 Rhg8 27. g5 hxg5 28.
Rxg5 Nb3 29. Kg1 Bd3 30. Rg3 Rh8 31. Bf3 Rdg8 32. Ng2 g6 33. hxg6 Rxg6 34. Rxg6 Bxg6 35. Nf4 Bf5 36. Kf2 Rh2+ 37. Bg2 Rh4 38. Ke3 Rg4 39. Bf3 Rh4 40. Ng2 Rh3 41. Nf4 Rh4 42. Ng2 Rh8 43.
Nf4 b5 44. d5 exd5 45. Nxd5+ Kd7 46. Nf6+ Ke7 47. Nd5+ Kd7 48. Nf6+ Kc7 49. Nd5+ Kb8 50. Ne7 Be6 51. Nc6+ Kc7 52. Nd4 Bd7 53. Bd5 Rh3+ 54.
Nf3 Bg4 55. Rf1 Be6 56. Bxe6 fxe6 57. Kf4 a6 58. Rd1 Nc5 59. Rd6 Rh8 60. Nd4 Rh4+ 61. Kg5 Rh3 62. Rc6+ Kd7 63. Rxc5 Rxc3 64. Kf6 Rd3 65.
Nc6 Rf3+ 66. Kg5 Rxa3 67. Nb8+ Ke7 68. Nc6+ Kd7 69. Nb8+ Ke7 70. Nc6+ Kd7 1/2-1/2

[Event "Early-Titled-Tuesday-Blitz-April-02-2024"]
[Site "Chess.com"]
[Date "2024.04.02"]
[Round "7"]
[White "Grossboss19"]
[Black "Kopytkin"]
[Result "1-0"]
[WhiteElo "2561"]
[BlackElo "2405"]
[TimeControl "180+1"]
[EndTime "9:18:58 PDT"]
[Termination "Grossboss19 won on time"]

1. e4 Nf6 2. e5 Nd5 3. Nc3 Nxc3 4. dxc3 d5 5. exd6 cxd6 6. Nf3 g6 7. Bd3 Bg7 8. h4 Bg4 9. Qe2 Nc6 10. Bf4 e5 11.
Qe3 O-O 12. Bh6 e4 13. Bxg7 Kxg7 14. Bxe4 Re8 15. O-O-O f5 16. h5 Rxe4 17. Qd2 Bxh5 18. Ng5 Re2 19. Qf4 Qe7 20. Rxh5 gxh5 21. Qxf5 Kg8 22. f4 Rf8 23. Qd5+ Kh8 24. b4 Rxf4 25. Nf3 a6 26. a4 Qe3+ 27. Kb2 Qe6 28. Qg5 Rf8 29. b5 Na5 30. Nd4 Qc4 31. Nxe2 Qxe2 32. Qh6 Qe7 33. Re1 Nc4+ 34. Kb3 Ne5 35. Qxh5 Qf7+ 36. Qxf7 Rxf7 37. Rd1 axb5 38. axb5 Rf6 39. Ra1 Kg7 40. Ra7 Rf7 41. c4 Kf6 42. Kb4 Ke6 43. Ra8 b6 44. Rb8 Nd7 45. Re8+ Kf5 46.
Kc3 Rg7 47. Re2 Rg3+ 48. Kd4 Nf6 49. Re7 Rg4+ 50. Kd3 h5 51. Rb7 Rg3+ 52. Kd4 Rg4+ 53. Kd3 Rg3+ 54. Kd4 Rxg2 55. Rxb6 Ne4 56. Rb8 Rd2+ 57. Ke3 Rxc2 58. Rf8+ Nf6 59. Kd4 Rd2+ 60. Kc3 Rd1 61. Kc2 Rd4 62. Kc3 Rd1 63. Kc2 Ra1 64.
b6 Ra6 65. b7 Rb6 66. b8=Q Rxb8 67. Rxb8 Ke5 68. Kd3 Ng4 69. Re8+ Kf5 70. Kd4 Ne5 71. Kd5 h4 72. Rf8+ Kg4 73. c5 1-0

[Event "Early-Titled-Tuesday-Blitz-April-02-2024"]
[Site "Chess.com"]
[Date "2024.04.02"]
[Round "7"]
[White "mightysmasher"]
[Black "Imagine_Drag0n"]
[Result "0-1"]
[WhiteElo "2578"]
[BlackElo "2794"]
[TimeControl "180+1"]
[EndTime "9:19:01 PDT"]
[Termination "Imagine_Drag0n won by checkmate"]

1. e4 c5 2. c3 Nf6 3. e5 Nd5 4. d4 cxd4 5. cxd4 d6 6. Nf3 e6 7. Bc4 Be7 8. O-O O-O 9. Nc3 Nxc3 10. bxc3 dxe5 11. dxe5 Qxd1 12. Rxd1 Nd7 13. Be3 Nc5 14.
Rab1 b6 15. Nd4 Bb7 16. Nb5 Ba6 17. Bf1 Bxb5 18. Bxb5 Rfd8 19. a4 Ne4 20. Bd4 Rac8 21. Ba6 Nxc3 22. Bxc8 Nxd1 23. Rxd1 Rxc8 24. Be3 Rc7 25.
Rb1 h5 26. g3 Kh7 27. Rd1 Kg6 28. h3 Kf5 29. Kg2 g5 30. Re1 Rc4 31. Rd1 Rc7 32.
Re1 Bc5 33. Bd2 Rd7 34. Bc1 Rd4 35. a5 Bb4 36. Re3 g4 37. hxg4+ hxg4 38. axb6 axb6 39.
Rb3 Bc5 40. Be3 Rd5 41. Bxc5 bxc5 42. Rb7 Kg6 43. f4 gxf3+ 44. Kxf3 Rxe5 45. Kf4 Rd5 46.
Rc7 Kf6 47. g4 Rd4+ 48. Kf3 c4 49. g5+ Kg6 50. Ke3 Rd5 51. Ke4 Rxg5 52. Kf4 Rh5 53.
Kg4 f5+ 54. Kg3 Rg5+ 55. Kf4 Rg4+ 56. Kf3 Re4 57. Rc8 Kf6 58. Rc5 Rh4 59. Kg3 Rd4 60.
Kf3 e5 61. Ke3 f4+ 62. Kf3 Kf5 63. Rc8 Rd3+ 64. Ke2 Re3+ 65. Kd2 c3+ 66. Kd1 Ke4 67. Kc2 f3 68. Rc4+ Kf5 69. Rc8 e4 70. Rf8+ Kg4 71.
Rg8+ Kh3 72. Rh8+ Kg2 73. Rg8+ Kf1 74. Rf8 f2 75. Rh8 Ke1 76. Rh1+ f1=Q 77. Rxf1+ Kxf1 78. Kc1 Kf2 79. Kc2 Rd3 80. Kc1 Ke3 81. Kc2 Kd4 82.
Kb3 e3 83. Kc2 e2 84. Kb3 e1=Q 85. Ka4 Qb1 86. Ka5 Rd2 87. Ka4 Ra2# 0-1

[Event "Early-Titled-Tuesday-Blitz-April-02-2024"]
[Site "Chess.com"]
[Date "2024.04.02"]
[Round "7"]
[White "Aureliano-Buendia"]
[Black "Antosha_Chekhonte"]
[Result "0-1"]
[WhiteElo "2475"]
[BlackElo "2595"]
[TimeControl "180+1"]
[EndTime "9:19:03 PDT"]
[Termination "Antosha_Chekhonte won by resignation"]

1. d4 d5 2. Nf3 Nf6 3. Bf4 c5 4. e3 e6 5. Nbd2 Qb6 6. dxc5 Bxc5 7. Nb3 Bd6 8. Bxd6 Qxd6 9. Be2 O-O 10. O-O Nc6 11.
c4 Rd8 12. cxd5 Nxd5 13. a3 b6 14. Nbd4 Bb7 15. Nxc6 Bxc6 16. Nd4 Bb7 17. Bf3 Rac8 18. Qa4 a6 19. Rac1 b5 20. Qb3 g6 21. Rfd1 Rc7 22. Rxc7 Qxc7 23. g3 Rc8 24. h4 h5 25. Bg2 Kg7 26.
Qd3 Nb6 27. Bxb7 Qxb7 28. Rd2 Rc1+ 29. Rd1 Rc7 30. b3 Nd5 31. e4 Nf6 32. Re1 Rd7 33.
Qe3 Ng4 34. Qc3 e5 35. Nc2 Qc7 36. Qxc7 Rxc7 37. Ne3 Rc3 38. Nxg4 hxg4 39. Rb1 a5 40. Kf1 Rc2 41. Rd1 Rc3 42. Rd5 Rxb3 43. Rxe5 Kf6 44.
Rg5 Ke6 45. a4 bxa4 46. Rxa5 a3 47. Kg2 Rc3 48. Kh2 Kd6 49. Kg2 Kc6 50. Ra7 Kb6 51.
Ra8 Kb5 52. Ra7 Kb4 53. Rb7+ Ka4 54. Ra7+ Kb3 55. Rb7+ Kc2 56. Rxf7 a2 57. Ra7 Kb2 58.
e5 Ra3 59. Rb7+ Kc3 60. Rc7+ Kd2 61. e6 a1=Q 62. e7 Qe5 63. Rd7+ Ke1 64. Kh2 Kxf2 65. Rd2+ Ke1 66. e8=Q Qxe8 67. Rg2 Qe5 68. Rg1+ Kf2 69.
Rg2+ Kf3 70. Kh1 Qe1+ 71. Kh2 Qe2 0-1

[Event "Early-Titled-Tuesday-Blitz-April-02-2024"]
[Site "Chess.com"]
[Date "2024.04.02"]
[Round "7"]
[White "Zavgorodniy_Sergiy"]
[Black "BVB009"]
[Result "0-1"]
[WhiteElo "2650"]
[BlackElo "2844"]
[TimeControl "180+1"]
[EndTime "9:19:06 PDT"]
[Termination "BVB009 won by checkmate"]

1. d4 Nf6 2. c4 g6 3. Nc3 Bg7 4. e4 O-O 5. Be2 d6 6. Nf3 e5 7.
O-O h6 8. Be3 Ng4 9. Bc1 Nc6 10. d5 Ne7 11. Ne1 f5 12. f3 Nf6 13.
Be3 f4 14. Bf2 g5 15. c5 Ng6 16. a4 h5 17. a5 a6 18. cxd6 cxd6 19. Na4 g4 20.
Nb6 Rb8 21. Nxc8 Qxc8 22. Rc1 Qd7 23. Bb6 Rbc8 24. Kh1 Rxc1 25. Qxc1 Rc8 26. Qd2 Bh6 27. Nd3 Kh7 28. Rc1 Nxe4 29. fxe4 f3 30. Be3 Bxe3 31.
Qxe3 fxe2 32. Qxe2 Rxc1+ 33. Nxc1 Qc7 34. Nb3 Nf4 35.
Qe1 Qc2 36. Nd2 Qxb2 37. g3 Nh3 38. Qf1 Kg7 39. Qf5 Qc1+ 40. Nf1 Ng5 41. Qd7+ Nf7 42. Qf5 Qg5 43. Qe6 Qf6 44. Qxf6+ Kxf6 45. Nd2 Ke7 46. Kg2 Kd7 47. h4 Kc7 48. Nc4 Nh6 49. Kf2 Ng8 50.
Ke3 Nf6 51. Kd3 Nd7 52. Kc3 Nc5 53. Nd2 b6 54. axb6+ Kxb6 55. Nc4+ Kc7 56. Nd2 a5 57. Kc4 a4 58. Kb4 Kd7 59. Kc4 a3 60. Kc3 Kc7 61. Kc2 Kb7 62. Kb1 Nd3 63. Ka2 Kb6 64. Kxa3 Kc5 65.
Kb3 Kd4 66. Nc4 Nc5+ 67. Kb4 Nxe4 68. Kb5 Kxd5 69. Nb6+ Kd4 70. Kc6 Nxg3 71. Kxd6 Nf5+ 72. Ke6 Nxh4 73. Kf6 g3 74. Kg5 g2 75. Kxh4 g1=Q 76.
Kxh5 Ke4 77. Nd7 Kf5 78. Nxe5 Qh1# 0-1

[Event "Early-Titled-Tuesday-Blitz-April-02-2024"]
[Site "Chess.com"]
[Date "2024.04.02"]
[Round "7"]
[White "jcibarra"]
[Black "scarabee43"]
[Result "1-0"]
[WhiteElo "2975"]
[BlackElo "2811"]
[TimeControl "180+1"]
[EndTime "9:19:12 PDT"]
[Termination "jcibarra won by resignation"]

1. e4 c5 2. Nf3 e6 3. d4 cxd4 4. Nxd4 Nc6 5. Nc3 Qc7 6. Be3 a6 7. g4 b5 8. Nxc6 Qxc6 9. Qd2 b4 10. Ne2 Qxe4 11. Rg1 Qc4 12. Nf4 Qc7 13. O-O-O Nf6 14.
g5 Ne4 15. Qd4 Bb7 16. Bg2 Nd6 17. Bxb7 Qxb7 18. Kb1 Nb5 19. Qd3 Nc3+ 20. Ka1 Nxd1 21. Rxd1 Be7 22. Nh5 Qb5 23. Nxg7+ Kf8 24. Qe4 Kxg7 25.
Bd4+ f6 26. Qf4 Qf5 27. gxf6+ Bxf6 28. Qg3+ Kf7 29. Bxf6 Kxf6 30. Qh4+ Kg6 31. Rxd7 Qg5 32. Rg7+ Kxg7 33. Qxg5+ Kf7 34. Qf4+ Kg6 35. Qe4+ Kf6 36. Qd4+ Kf5 37. Qxb4 Rhg8 38. a3 e5 39. f3 h5 40. Qe4+ Kf6 41. f4 exf4 42. Qxf4+ Kg6 43. Qd6+ Kg5 44. Qg3+ Kf5 45. Qf3+ Kg5 46. c4 Rac8 47.
c5 Rgf8 48. Qe3+ Kg6 49. Qe4+ Kg7 50. Qe7+ Rf7 51. Qg5+ Kf8 52. Qxh5 Rc6 53. Qh8+ Ke7 54. Qe5+ Kf8 55. Qd5 Rfc7 56. b4 Kg7 57. Kb2 Rf6 58.
Qg5+ Kf7 59. Qd5+ Kg7 60. Kb3 Re7 61. Qg5+ Kf7 62. Qd5+ Kg7 63. Ka4 Kh6 64. Qd4 Kg6 65. Qg4+ Kf7 66. h4 Re3 67. Qc4+ Kg7 68. Qd4 Re6 69.
h5 Kh6 70. Qg4 Re5 71. Qh4 Rfe6 72. Ka5 Rxh5 73. Qf4+ Rg5 74. Qf8+ Rg7 75. Qh8+ Kg6 76. Qc8 Rge7 77. c6 Rf6 78. Kxa6 Re3 79. a4 Rb3 80. Qg4+ Kh7 81. Qh4+ Kg7 82. Qg4+ Kf8 83. b5 Rc3 84. Qb4+ Kg7 85. Qxc3 1-0

[Event "Early-Titled-Tuesday-Blitz-April-02-2024"]
[Site "Chess.com"]
[Date "2024.04.02"]
[Round "7"]
[White "sathvikadiga"]
[Black "Rodalquilar"]
[Result "1/2-1/2"]
[WhiteElo "2570"]
[BlackElo "2730"]
[TimeControl "180+1"]
[EndTime "9:19:46 PDT"]
[Termination "Game drawn by repetition"]

1. e4 d5 2. exd5 Qxd5 3. Nc3 Qa5 4. Bc4 Nf6 5. d3 Bg4 6. Ne2 Nc6 7. O-O e6 8. Bd2 Qh5 9. f3 Bd6 10. Ng3 Qc5+ 11. Kh1 Bxg3 12. hxg3 h5 13. Na4 Qd6 14. Bf4 e5 15. Be3 Be6 16. Nc5 Bxc4 17.
dxc4 O-O-O 18. Qe2 Nd4 19. Bxd4 Qxd4 20. Nd3 e4 21.
Nf4 h4 22. g4 exf3 23. Qxf3 Ne4 24. Ne2 Qxc4 25. Kh2 Nd2 26. Qf5+ Kb8 27. Rfe1 g6 28.
Qf4 Qxf4+ 29. Nxf4 Rd4 30. Rad1 Rhd8 31. Nd3 Nc4 32.
Nf2 b5 33. b3 Nd2 34. c3 R4d6 35. Kh1 a5 36. Re2 Kb7 37. Rde1 Kb6 38. Re7 c5 39. Rxf7 c4 40. Ne4 Nxe4 41. Rxe4 cxb3 42. axb3 Rc6 43. c4 bxc4 44. bxc4 Rdc8 45. Rg7 Rxc4 46. Rxg6+ Kb5 47. Re5+ R8c5 48. Re8 Kb4 49. g5 Rb5 50. Rgg8 Rg4 51. g6 Rbg5 52. Re6 a4 53. Ra6 Ka3 54. Rga8 Rxg6 55. Ra5 Rxg2 56. Rxa4+ Kb3 57. Ra3+ Kb4 58. R8a4+ Kb5 59. Ra5+ Kb4 60. R5a4+ Kb5 61. Ra5+ Kc4 62. R5a4+ Kd5 63. Ra5+ Ke4 64. R5a4+ Kf5 65.
Ra5+ Kf6 66. Ra6+ Kg7 67. Rxg6+ Rxg6 68. Ra4 Rh6 69. Kh2 Kg6 70. Kh3 Kg5 71. Rg4+ Kf5 72.
Rxh4 Rc6 73. Rh5+ Kf4 74. Rh4+ Kf3 75. Rh8 Rf6 76. Rh4 Rf7 77. Rh5 Rf8 78. Rh4 Rf5 79. Rg4 Rh5+ 80. Rh4 Rg5 81. Rh8 Rg7 82. Rf8+ Ke3 83.
Rf1 Ke2 84. Rf4 Ke3 85. Rg4 Rf7 86. Rg3+ Kf2 87. Rg2+ Kf3 88. Rg3+ Kf4 89. Rg4+ Ke3 90. Rg3+ Ke4 91. Rg4+ Kf5 92. Rg2 Rb7 93. Rf2+ Kg5 94. Rg2+ Kf4 95. Rf2+ Ke3 96. Rg2 Rf7 97. Rg3+ 1/2-1/2

[Event "Early-Titled-Tuesday-Blitz-April-02-2024"]
[Site "Chess.com"]
[Date "2024.04.02"]
[Round "7"]
[White "ilqar_74"]
[Black "Dixit_Nikhil"]
[Result "1/2-1/2"]
[WhiteElo "2805"]
[BlackElo "2648"]
[TimeControl "180+1"]
[EndTime "9:20:32 PDT"]
[Termination "Game drawn by repetition"]

1. e4 c5 2. Nf3 Nc6 3. d4 cxd4 4. Nxd4 Nf6 5. Nc3 e5 6. Ndb5 d6 7. Bg5 a6 8. Bxf6 gxf6 9. Na3 b5 10. Nd5 Bg7 11.
c4 Ne7 12. Nc2 O-O 13. Nxe7+ Qxe7 14. Ne3 Be6 15. b3 Bh6 16. Nd5 Bxd5 17. Qxd5 Rfb8 18.
Be2 Qb7 19. Rd1 Qxd5 20. Rxd5 Bf8 21. O-O b4 22. Rfd1 a5 23. R1d3 a4 24. Rg3+ Kh8 25. Bd1 axb3 26. Bxb3 Rc8 27. h3 Rc5 28. Rdd3 Rd8 29.
Rgf3 Be7 30. g3 Rg8 31. Kg2 Ra8 32. Rd1 Kg7 33. Rfd3 h6 34. Rb1 Rb8 35. Rd2 Ra5 36. Bd1 Ra3 37. Bb3 Rb6 38. f4 Rb8 39. Rf1 Ra6 40.
h4 Ra5 41. Rf3 Ra6 42. Rd5 Rc6 43. fxe5 dxe5 44. Rd7 Kf8 45. Rfd3 Rbb6 46. Ra7 Ra6 47. Rb7 Rab6 48. Rbd7 Rd6 49. Kf3 Rxd3+ 50. Rxd3 Rd6 51. Rd5 Rxd5 52. cxd5 Bc5 53. Kg4 Ke7 54. Kh5 Be3 55. Kg4 Bf2 56. Kf3 Be1 57. Bc4 Kd6 58. Bb5 Ke7 59.
Ba4 Kd6 60. h5 Ke7 61. g4 Kd6 62. Ke2 Bh4 63. Kd3 Kc5 64. Be8 Bg5 65. Bxf7 Bf4 66.
Be8 Bg5 67. Kc2 Bf4 68. Kb3 Be3 69. d6 Kxd6 70. Kxb4 Bd4 71. Kb5 Be3 72. a4 Bd4 73. a5 Be3 74. Ka6 Kc7 75. Ba4 Bd4 76.
Bb3 Be3 77. Bd5 Bd4 78. Kb5 Be3 79. Bb3 Kd6 80. Bc2 Bd4 81. Kc4 Be3 82. Ba4 Bd2 83.
a6 Be3 84. Be8 Bd4 85. Kb5 Ba7 86. Bg6 Bd4 87. Kc4 Ba7 88. Kd3 Bd4 89. Be8 Ba7 90. Ke2 Bd4 91. Kf3 Ba7 92. Bb5 Bd4 93. Be2 Ba7 94.
g5 fxg5 95. Kg4 Ke6 96. Bc4+ Kf6 97. Be2 Bb6 98. Bc4 Ba7 99. Kf3 Bb6 100. Be2 Ba7 101. Bd1 Bb6 102. Kg2 Ke7 103. Kh3 Ba7 104. Bg4 Kf6 105. Kg3 Ke7 106. Kf3 Kd6 107. Bc8 Ke7 108. Ke2 Bb6 109. Kd3 Kd6 110. Kc4 Ba7 111. Bg4 Bb6 112. Kb5 Ba7 113.
Bf5 Bd4 114. Bc8 Ba7 115. Kc4 Be3 116. Kd3 Ba7 117. Ke2 Ke7 118. Kf3 Kf6 119. Kg4 Bb6 120. Bb7 Ba7 121. Bd5 Bb6 122. Bc4 Ba7 1/2-1/2